[Event "Titled Tuesday Blitz April 18 Late 2023"]
[White "Brod, Manfred"]
[Black "BebeBonito2022"]
[WhiteFideId "1602110"]
[WhiteElo "2075"]
[BlackElo "2166"]
[Result "0-1"]
[Round "10"]
[TimeControl "180+2"]
[Date "2023.04.18"]
[WhiteClock "0:00:36"]
[BlackClock "0:00:04"]

1. e4 e5 2. Nf3 Nc6 3. Bc4 Nf6 4. d4 exd4 5. e5 d5 6. Bb5 Ne4 7. Nxd4 Bc5 8. Bxc6+ bxc6 9. O-O O-O 10. f3 Ba6 11. fxe4 Bxf1 12. Kxf1 Qh4 13. Be3 Qxe4 14. Qd3 Qxe5 15. Kg1 Rae8 16. Bf2 f5 17. Nd2 Qf6 18. N2f3 Bb6 19. a4 c5 20. Nb5 c4 21. Qxd5+ Kh8 22. Bxb6 Qxb6+ 23. Qd4 Re2 24. Qxb6 cxb6 25. Nbd4 Re4 26. Re1 Rd8 27. c3 h6 28. Kf2 Rxe1 29. Kxe1 g6 30. Kf2 Rd5 31. h4 Ra5 32. Nd2 Rxa4 33. Kf3 a6 34. Kf4 b5 35. Ke5 Ra1 36. Kf6 Kh7 37. Ne6 Rd1 38. Nf3 Rd6 39. Ne5 a5 40. Nf7 Ra6 41. h5 gxh5 42. Kxf5 b4 43. cxb4 axb4 44. Ne5 c3 45. bxc3 b3 46. Nd3 Ra2 47. c4 b2 48. Nxb2 Rxb2 49. c5 Rxg2 50. Ke5 h4 51. Nf4 Rg5+ 52. Kd6 Rf5 53. Nh3 Rf3 54. Ng1 Rg3 55. Ne2 Re3 56. Nf4 h3 57. c6 h2 58. Nd5 Rd3 59. c7 h1=Q 60. c8=Q Qxd5+ 0-1


[Site "https://www.chess.com"]

[Event "Titled Tuesday Blitz April 18 Late 2023"]
[White "Manon-og, Ramon Jr."]
[Black "Sanchez, Robert"]
[WhiteFideId "5200776"]
[BlackFideId "2034360"]
[WhiteElo "2342"]
[BlackElo "1955"]
[Result "1-0"]
[Round "10"]
[TimeControl "180+2"]
[Date "2023.04.18"]
[WhiteClock "0:02:01"]
[BlackClock "0:01:52"]

1. e4 d5 2. exd5 Qxd5 3. Nc3 Qe6+ 4. Be2 Qg6 5. Bf3 Nc6 6. Nge2 e5 7. O-O Bd7 8. d3 O-O-O 9. Ng3 f5 10. a4 Nf6 11. a5 a6 12. Nd5 h5 13. h4 Bc5 14. Kh2 Ng4+ 15. Bxg4 hxg4 16. h5 f4 17. Nxf4 exf4 18. Bxf4 Qf6 19. Qd2 Qe6 1-0


[Site "https://www.chess.com"]

[Event "Titled Tuesday Blitz April 18 Late 2023"]
[White "Firouzja, Alireza"]
[Black "Carlsen, Magnus"]
[WhiteFideId "12573981"]
[BlackFideId "1503014"]
[WhiteElo "2904"]
[BlackElo "2852"]
[Result "1/2-1/2"]
[Round "11"]
[TimeControl "180+2"]
[Date "2023.04.18"]
[WhiteClock "0:00:03"]
[BlackClock "0:00:04"]

1. e4 e6 2. d4 d5 3. e5 c5 4. c3 Nc6 5. Nf3 Bd7 6. Be2 cxd4 7. cxd4 Nge7 8. Na3 Nf5 9. Nc2 Be7 10. O-O O-O 11. Bd3 f6 12. Bxf5 exf5 13. Re1 Rc8 14. Bd2 Be8 15. Bc3 f4 16. Qd2 a5 17. exf6 Bxf6 18. Qxf4 Bxd4 19. Qd2 Bb6 20. Ncd4 Bd7 21. Ne5 Qc7 22. f4 Nd8 23. Kh1 Qd6 24. Rad1 Re8 25. Ndf3 Nc6 26. Nxd7 Qxd7 27. Qxd5+ Qxd5 28. Rxd5 Rxe1+ 29. Nxe1 Nb4 30. Rd7 Nxa2 31. Rxg7+ Kf8 32. Rxb7 Nxc3 33. bxc3 Bf2 34. Nf3 a4 35. Rb4 Ra8 36. Rb2 Bc5 37. Ra2 a3 38. Ne5 Ke7 39. g3 Ke6 40. Kg2 Rb8 41. Nd3 Bd6 42. c4 Rb3 43. c5 Be7 44. Rd2 Bf6 45. Kf3 a2 46. Rxa2 Rxd3+ 47. Kg4 Rc3 48. Ra6+ Kf7 49. Rc6 Kg6 50. f5+ Kf7 51. Kh5 Be7 52. Kh6 Rc2 53. h4 Rg2 54. Kxh7 Rxg3 55. h5 Rg5 56. h6 Rxf5 57. Rg6 Rxc5 58. Rg7+ Ke6 59. Rg6+ Bf6 60. Rg8 Kf7 61. Rc8 Re5 62. Rc7+ Be7 63. Rc6 Rd5 64. Rg6 Bf6 65. Rg8 Rd7 66. Ra8 Rd1 67. Ra7+ Ke6 68. Ra6+ Kf5 69. Ra7 Be5 70. Rf7+ Bf6 71. Ra7 Rd8 72. Rg7 Rc8 73. Rg8 Rc7+ 74. Rg7 Bxg7 75. hxg7 Kf6 76. Kh8 Rxg7 1/2-1/2


[Site "https://www.chess.com"]

[Event "Titled Tuesday Blitz April 18 Late 2023"]
[White "Vachier-Lagrave, Maxime"]
[Black "Paravyan, David"]
[WhiteFideId "623539"]
[BlackFideId "4194985"]
[WhiteElo "2740"]
[BlackElo "2563"]
[Result "1/2-1/2"]
[Round "11"]
[TimeControl "180+2"]
[Date "2023.04.18"]
[WhiteClock "0:00:11"]
[BlackClock "0:00:05"]

1. e4 c5 2. Nf3 Nc6 3. Bb5 g6 4. O-O Bg7 5. Re1 e5 6. a3 Nge7 7. b4 d6 8. d3 O-O 9. bxc5 dxc5 10. Be3 Nd4 11. Bc4 h6 12. Nbd2 Kh7 13. c3 Nxf3+ 14. Nxf3 b6 15. a4 f5 16. exf5 Nxf5 17. Nd2 Bb7 18. Ne4 Nd6 19. Nxd6 Qxd6 20. Qg4 Bc6 21. Red1 Rad8 22. Bb5 Bb7 23. Bc4 Bc6 24. h3 Qf6 25. Bb5 Bb7 26. Bc4 Bc6 27. Bb5 Bb7 28. Rab1 Bc8 29. Qe2 Bf5 30. a5 Rd6 31. axb6 axb6 32. Ra1 Qe7 33. Ra3 Rfd8 34. g4 Bd7 35. Ra7 e4 36. Bf4 Re6 37. Rxd7 Rxd7 38. Bxd7 Qxd7 39. dxe4 Rxe4 40. Rxd7 Rxe2 41. Rb7 Re6 42. c4 Kg8 43. Bc7 Re4 44. Rxb6 Kh7 45. Rb7 Kg8 46. Bd6 Rxc4 47. Rc7 Rc1+ 48. Kg2 c4 49. f4 c3 50. Be5 Bxe5 51. fxe5 c2 52. e6 Kf8 53. e7+ Ke8 54. Kh2 h5 55. gxh5 gxh5 56. h4 Kf7 57. Kg2 Ke8 58. Kh2 Kf7 59. Kg2 Ke8 60. Kh2 1/2-1/2


[Site "https://www.chess.com"]

[Event "Titled Tuesday Blitz April 18 Late 2023"]
[White "Hakobyan, Aram"]
[Black "Caruana, Fabiano"]
[WhiteFideId "13306677"]
[BlackFideId "2020009"]
[WhiteElo "2584"]
[BlackElo "2837"]
[Result "1-0"]
[Round "11"]
[TimeControl "180+2"]
[Date "2023.04.18"]
[WhiteClock "0:00:17"]
[BlackClock "0:00:06"]

1. d4 Nf6 2. c4 e6 3. Nc3 Bb4 4. e3 O-O 5. a3 Bxc3+ 6. bxc3 d6 7. Ne2 e5 8. Ng3 Re8 9. f3 e4 10. Ra2 Nc6 11. Be2 b6 12. O-O Na5 13. fxe4 Nxe4 14. Bd3 Nxg3 15. hxg3 Qg5 16. Raf2 f6 17. e4 Qg4 18. Be2 Qe6 19. g4 Ba6 20. g5 fxg5 21. Bg4 Qh6 22. Rf3 Bxc4 23. Rh3 Qxh3 24. Bxh3 Bxf1 25. Qxf1 Rxe4 26. Bxg5 Rf8 27. Bf5 g6 28. Bxe4 Rxf1+ 29. Kxf1 c6 30. Bf4 d5 31. Bd3 b5 32. Bc7 Nb7 33. Be2 Kf7 34. Bg4 Ke7 35. Bc8 Nd6 36. Bxd6+ Kxd6 37. Kf2 a5 38. Ke3 c5 39. dxc5+ Kxc5 40. Kd3 h6 41. Bd7 g5 42. Be8 g4 43. g3 b4 44. cxb4+ axb4 45. axb4+ Kxb4 46. Kd4 Kb3 47. Kxd5 Kc3 48. Ke4 Kc4 49. Kf4 Kd5 50. Kxg4 Ke6 51. Kh5 Kf6 52. Kxh6 1-0


[Site "https://www.chess.com"]

[Event "Titled Tuesday Blitz April 18 Late 2023"]
[White "Sadhwani, Raunak"]
[Black "Duda, Jan-Krzysztof"]
[WhiteFideId "35093487"]
[BlackFideId "1170546"]
[WhiteElo "2631"]
[BlackElo "2790"]
[Result "1-0"]
[Round "11"]
[TimeControl "180+2"]
[Date "2023.04.18"]
[WhiteClock "0:00:04"]
[BlackClock "0:00:01"]

1. d4 Nf6 2. Nc3 d5 3. Bf4 a6 4. e3 e6 5. g4 h6 6. h4 c5 7. Qf3 Nc6 8. O-O-O b5 9. dxc5 b4 10. Nce2 Ne4 11. Ng3 Nxc5 12. e4 Bb7 13. g5 Qa5 14. Kb1 dxe4 15. Qg4 Rd8 16. gxh6 gxh6 17. Nh5 Rxd1+ 18. Qxd1 Qd8 19. Qc1 e5 20. Be3 Nd4 21. Bc4 Bc8 22. Ne2 Bg4 23. Bxd4 exd4 24. Qf4 Bxh5 25. Qe5+ Qe7 26. Qxh5 Bg7 27. Nf4 Qf6 28. Qg4 O-O 29. Nh5 Qe5 30. Rg1 Kh8 31. Qxg7+ Qxg7 32. Rxg7 e3 33. fxe3 dxe3 34. Rg1 f5 35. Nf4 Re8 36. Bd3 Nxd3 37. cxd3 Rd8 38. Kc2 Rd4 39. Rf1 Kh7 40. Kd1 1-0


[Site "https://www.chess.com"]

[Event "Titled Tuesday Blitz April 18 Late 2023"]
[White "Andreikin, Dmitry"]
[Black "Bartel, Mateusz"]
[WhiteFideId "4158814"]
[BlackFideId "1112635"]
[WhiteElo "2736"]
[BlackElo "2521"]
[Result "1-0"]
[Round "11"]
[TimeControl "180+2"]
[Date "2023.04.18"]
[WhiteClock "0:00:22"]
[BlackClock "0:00:02"]

1. d4 d5 2. c4 c6 3. Nf3 Nf6 4. e3 Bf5 5. Nc3 e6 6. Nh4 Be4 7. f3 Bg6 8. Nxg6 hxg6 9. Qb3 Qc7 10. Bd2 Nbd7 11. cxd5 exd5 12. O-O-O O-O-O 13. Kb1 Rxh2 14. Rxh2 Qxh2 15. e4 Kb8 16. exd5 cxd5 17. Nxd5 Nxd5 18. Qxd5 Qd6 19. Qxf7 Nf6 20. Rc1 a6 21. Qxg6 Qxd4 22. Ba5 Rd5 23. Bc3 Qf4 24. Qf7 Rd8 25. Bd3 Qd6 26. Bf5 Ka7 27. Ba5 Re8 28. Bc3 Re2 29. Qc4 Re8 30. Bd4+ Ka8 31. a3 Nd5 32. Ka2 Ne3 33. Qf7 1-0


[Site "https://www.chess.com"]

[Event "Titled Tuesday Blitz April 18 Late 2023"]
[White "Bluebaum, Matthias"]
[Black "Yoo, Christopher Woojin"]
[WhiteFideId "24651516"]
[BlackFideId "30909694"]
[WhiteElo "2638"]
[BlackElo "2519"]
[Result "0-1"]
[Round "11"]
[TimeControl "180+2"]
[Date "2023.04.18"]
[WhiteClock "0:00:16"]
[BlackClock "0:00:11"]

1. d4 d5 2. c4 e6 3. Nc3 Bb4 4. e3 Nf6 5. Nf3 O-O 6. Bd2 Nbd7 7. Rc1 dxc4 8. Bxc4 b6 9. O-O Bb7 10. a3 Bxc3 11. Bxc3 Ne4 12. Bb4 c5 13. dxc5 Ndxc5 14. Qe2 Qf6 15. Nd4 Rfd8 16. f3 Nd6 17. Ba2 Ba6 18. Qd1 Bxf1 19. Qxf1 Rac8 20. Rd1 Qe5 21. Re1 Nf5 22. Bc3 Nxe3 23. Nxe6 Nxe6 24. Bxe5 Nxf1 25. Kxf1 Rd2 26. Bb1 Rcd8 27. Bc3 Rd1 28. Bc2 Rxe1+ 29. Kxe1 Nf4 30. g3 Nd5 31. Bd2 g6 32. Ke2 Kf8 33. a4 a5 34. Be4 Ke7 35. Be1 Nb4 36. Bf2 Rd6 37. Be3 f5 38. Bb1 Re6 39. Kd2 Rd6+ 40. Ke2 Nd5 41. Bf2 Rc6 42. Kd2 Nb4 43. Be3 Kf6 44. h4 Rd6+ 45. Ke2 Re6 46. Kd2 Ke7 47. Bg5+ Kf7 48. Be3 Rd6+ 49. Ke2 Rc6 50. Kd2 h5 51. Bf4 Re6 52. Be3 Ke8 53. Bf2 Kd7 54. Be3 Rd6+ 55. Ke2 Re6 56. Kd2 Kc6 57. Bf2 Rd6+ 58. Ke2 Kd5 59. b3 Kc6 60. Be3 Re6 61. Kd2 Rd6+ 62. Ke2 Nd5 63. Bd2 Re6+ 64. Kd3 Kc5 65. Kc2 Re2 66. Kd3 Rf2 67. Be1 Rxf3+ 68. Ke2 Rxb3 69. Bc2 Rb2 70. Bf2+ Kc4 71. Kd1 Kc3 72. Be1+ Kd4 73. Kc1 Ra2 74. Bf2+ Ne3 75. Bxf5 Rxf2 76. Bxg6 Rf1+ 77. Kb2 Rg1 78. Bxh5 Rxg3 79. Kb3 Rh3 80. Be2 Rxh4 81. Kb2 Nd5 82. Bd1 Kc5 83. Kb3 Rb4+ 84. Ka3 Ne3 85. Bb3 Nc4+ 86. Ka2 Nd2 87. Bc2 Kd4 88. Ka1 Kc3 89. Bd1 Rb1+ 90. Ka2 Rxd1 91. Ka3 Ra1# 0-1


[Site "https://www.chess.com"]

[Event "Titled Tuesday Blitz April 18 Late 2023"]
[White "Nakamura, Hikaru"]
[Black "Deac, Bogdan-Daniel"]
[WhiteFideId "2016192"]
[BlackFideId "1226380"]
[WhiteElo "2885"]
[BlackElo "2649"]
[Result "1-0"]
[Round "11"]
[TimeControl "180+2"]
[Date "2023.04.18"]
[WhiteClock "0:00:50"]
[BlackClock "0:00:03"]

1. Nf3 d5 2. e3 c5 3. b3 a6 4. Bb2 Nc6 5. d4 cxd4 6. Nxd4 Nf6 7. Nxc6 bxc6 8. Nd2 e6 9. c4 Bd6 10. Be2 e5 11. O-O O-O 12. Qc2 Qe7 13. Rfd1 Bb7 14. Rac1 a5 15. Nf3 Rfd8 16. Qb1 Ba6 17. Rc2 Bc8 18. Qa1 Bf5 19. Rcc1 Bg4 20. h3 Bh5 21. Rc2 Bg6 22. Rcc1 Bh5 23. cxd5 cxd5 24. Rc2 Bg6 25. Rcd2 d4 26. exd4 Ne4 27. dxe5 Nxd2 28. exd6 Rxd6 29. Re1 Re8 30. Ne5 Qb7 31. Bc3 a4 32. bxa4 Ne4 33. Bf3 Rde6 34. a5 f5 35. Bd1 Nxc3 36. Qxc3 Kh8 37. Bb3 R6e7 38. Qd4 f4 39. Qxf4 Qa6 40. Nxg6+ 1-0


[Site "https://www.chess.com"]

[Event "Titled Tuesday Blitz April 18 Late 2023"]
[White "Moussard, Jules"]
[Black "Martinez Alcantara, Jose Eduardo"]
[WhiteFideId "642908"]
[BlackFideId "3805662"]
[WhiteElo "2610"]
[BlackElo "2711"]
[Result "1-0"]
[Round "11"]
[TimeControl "180+2"]
[Date "2023.04.18"]
[WhiteClock "0:00:35"]
[BlackClock "0:00:34"]

1. e4 c5 2. Nf3 d6 3. d4 cxd4 4. Nxd4 a6 5. Bd3 e6 6. O-O Nd7 7. Nc3 Ngf6 8. f4 Be7 9. Be3 O-O 10. Qf3 Qc7 11. Rae1 b5 12. a3 Bb7 13. g4 g6 14. g5 Nh5 15. Qh3 Nc5 16. Nde2 d5 17. exd5 Rad8 18. Ng3 Nxg3 19. hxg3 Bxd5 20. Rf2 f5 21. gxf6 Bxf6 22. Nxd5 exd5 23. Bxc5 Qxc5 24. Kg2 Rfe8 25. Rfe2 Rxe2+ 26. Rxe2 Bxb2 27. f5 Qc6 28. Re6 Rd6 29. fxg6 hxg6 30. Bxg6 d4+ 31. Kh2 Qd7 32. Re8+ Kg7 33. Qh7+ Kf6 34. Rf8+ Ke5 35. Qh5+ Ke6 36. Qf5+ Ke7 37. Qf7# 1-0


[Site "https://www.chess.com"]

[Event "Titled Tuesday Blitz April 18 Late 2023"]
[White "Lazavik, Denis"]
[Black "Ibrahimli, Murad"]
[WhiteFideId "13515110"]
[BlackFideId "13410229"]
[WhiteElo "2560"]
[BlackElo "2364"]
[Result "1-0"]
[Round "11"]
[TimeControl "180+2"]
[Date "2023.04.18"]
[WhiteClock "0:01:01"]
[BlackClock "0:00:50"]

1. d4 Nf6 2. c4 e6 3. Nf3 d5 4. g3 dxc4 5. Bg2 a6 6. O-O Nc6 7. e3 Rb8 8. Nfd2 e5 9. Bxc6+ bxc6 10. dxe5 Ng4 11. Nxc4 Qxd1 12. Rxd1 Be6 13. Nbd2 Rd8 14. b3 Bxc4 15. bxc4 Nxe5 16. Bb2 Nd3 17. Bc3 f6 18. Nb3 Bb4 19. Rxd3 Rxd3 20. Bxb4 Kf7 21. Nd4 Rb8 22. Ba5 Rb2 23. Nxc6 Ra3 24. Bxc7 Raxa2 25. Rxa2 Rxa2 26. c5 Rc2 27. Bb6 Rc1+ 28. Kg2 Ke6 29. Nb8 a5 30. Bxa5 Rxc5 31. Be1 Rc1 32. Kf1 Kd5 33. Na6 Ke6 34. Nb4 Rb1 35. Nd3 Ra1 36. Ke2 Ra2+ 37. Bd2 Kf7 38. h4 h5 39. e4 Ra4 40. Ke3 Ra3 41. f3 g6 42. Ke2 Ke6 43. Nf4+ Kf7 44. Nd5 Ra2 45. Ke3 Rb2 46. Bc3 Rg2 47. Bxf6 Rxg3 48. Kf2 1-0


[Site "https://www.chess.com"]

[Event "Titled Tuesday Blitz April 18 Late 2023"]
[White "Sarana, Alexey"]
[Black "Mendez Fortes, Eduardo Jesus"]
[WhiteFideId "24133795"]
[BlackFideId "3502376"]
[WhiteElo "2714"]
[BlackElo "2307"]
[Result "1-0"]
[Round "11"]
[TimeControl "180+2"]
[Date "2023.04.18"]
[WhiteClock "0:00:47"]
[BlackClock "0:00:37"]

1. d4 Nf6 2. c4 e6 3. Nc3 Bb4 4. e3 O-O 5. Bd3 c5 6. Ne2 d5 7. a3 Bxc3+ 8. bxc3 cxd4 9. cxd4 b6 10. cxd5 exd5 11. f3 Bb7 12. O-O Re8 13. Ng3 Nbd7 14. Re1 Rc8 15. Bb2 Nf8 16. e4 dxe4 17. fxe4 Ne6 18. d5 Nc5 19. Bb5 Nfd7 20. Nf5 Rxe4 21. Rxe4 Nxe4 22. Qg4 Ng5 23. Bxd7 Rc2 24. Re1 h5 25. Ne7+ Kf8 26. Bxg7+ Kxg7 27. Qxg5+ Kf8 28. Qh6# 1-0


[Site "https://www.chess.com"]

[Event "Titled Tuesday Blitz April 18 Late 2023"]
[White "Djordjevic, Vuk"]
[Black "Naroditsky, Daniel"]
[WhiteFideId "902098"]
[BlackFideId "2026961"]
[WhiteElo "2452"]
[BlackElo "2633"]
[Result "0-1"]
[Round "11"]
[TimeControl "180+2"]
[Date "2023.04.18"]
[WhiteClock "0:00:03"]
[BlackClock "0:00:21"]

1. d4 Nf6 2. Bg5 Ne4 3. Bf4 Nc6 4. f3 e5 5. dxe5 g5 6. Be3 Nc5 7. Nc3 Nxe5 8. Bd4 Qf6 9. Nh3 Ned3+ 10. cxd3 Qxd4 11. Qd2 h6 12. Nb5 Qa4 13. Nxc7+ Kd8 14. Nxa8 Ne4 15. b3 Qd4 16. Qc1 Bb4+ 17. Kd1 Nc3+ 18. Kc2 Qc5 19. d4 Qc6 20. Kb2 Nd1+ 21. Qxd1 Qc3+ 22. Kb1 Ba3 23. Qc2 Qe1+ 24. Qc1 Qxc1# 0-1


[Site "https://www.chess.com"]

[Event "Titled Tuesday Blitz April 18 Late 2023"]
[White "Pranav, V"]
[Black "Ashraf, Artin"]
[WhiteFideId "25060783"]
[BlackFideId "22514805"]
[WhiteElo "2500"]
[BlackElo "2188"]
[Result "0-1"]
[Round "11"]
[TimeControl "180+2"]
[Date "2023.04.18"]
[WhiteClock "0:00:02"]
[BlackClock "0:00:05"]

1. e4 c5 2. Nc3 d6 3. d4 cxd4 4. Qxd4 Nc6 5. Qd2 g6 6. b3 Bg7 7. Bb2 Nf6 8. O-O-O O-O 9. f4 a6 10. Nf3 b5 11. Qe1 Qc7 12. e5 dxe5 13. fxe5 Ng4 14. Nd5 Qa7 15. Qh4 Nf2 16. Nd4 Nxd1 17. Nxc6 Qf2 18. Qd4 Qe1 19. Be2 Qxh1 20. Bxd1 Be6 21. Ndxe7+ Kh8 22. Bc3 Qxg2 23. Kb2 Qxh2 24. Bf3 h5 25. Qe4 Rac8 26. Nxc8 Rxc8 27. Qe3 Qg3 28. Qe4 h4 29. Be1 Qh2 30. Bc3 Rxc6 31. Qxc6 Bxe5 32. Qxa6 Bxc3+ 33. Kxc3 Qg3 34. Qa8+ Kg7 35. Kb4 h3 36. Kxb5 h2 37. c4 Qg1 38. Qe4 Bf5 39. Qe5+ Kh7 40. Qd5 Be6 41. Qe4 Qg3 42. c5 Qb8+ 43. Ka6 Bc8+ 44. Ka5 Qa7+ 45. Kb4 Qb8+ 46. Kc3 Be6 47. Qh4+ Kg7 48. Qd4+ Kh7 49. c6 Qg3 50. Qd3 Bg4 51. Bd5 Qe5+ 52. Qd4 Qe1+ 53. Kb2 Be6 54. c7 h1=Q 55. Bxh1 Qxh1 56. Qd8 Qh2+ 57. Ka3 Qh3 58. Kb4 Qf5 59. Qh4+ Kg7 60. Qd4+ Kh7 61. Qh4+ Kg7 62. Qd8 g5 63. Qd4+ Kg6 64. Qc3 g4 65. a4 Qf4+ 66. Ka3 g3 67. c8=Q Bxc8 68. Qxc8 Qd6+ 69. Ka2 Qd2+ 70. Ka3 g2 71. Qg8+ Kf6 72. Qh8+ Kf5 73. Qh5+ Ke4 74. Qg4+ Kd3 75. Qf3+ Kc2 76. Qe4+ Kc1 77. Qc6+ Qc2 78. Qh6+ Kb1 79. Qg7 Qc1+ 80. Kb4 g1=Q 81. Qh7+ Qc2 82. Qxf7 Qgc5# 0-1


[Site "https://www.chess.com"]

[Event "Titled Tuesday Blitz April 18 Late 2023"]
[White "Kramnik, Vladimir"]
[Black "Makridis, Dimitrios"]
[WhiteFideId "4101588"]
[BlackFideId "25864475"]
[WhiteElo "2712"]
[BlackElo "2277"]
[Result "0-1"]
[Round "11"]
[TimeControl "180+2"]
[Date "2023.04.18"]
[WhiteClock "0:00:02"]
[BlackClock "0:00:06"]

1. e4 c5 2. Nf3 Nf6 3. e5 Nd5 4. Nc3 e6 5. Nxd5 exd5 6. d4 Nc6 7. c3 cxd4 8. Nxd4 d6 9. Bb5 Bd7 10. Nf3 dxe5 11. Qxd5 f6 12. Be3 Qc7 13. O-O O-O-O 14. a4 a6 15. Qc4 axb5 16. axb5 Nb8 17. Qb3 Bc5 18. Ra4 Bxe3 19. fxe3 Qb6 20. Qc4+ Qc7 21. Qb3 Qb6 22. Rc4+ Nc6 23. Qa4 Kb8 24. bxc6 Bxc6 25. Rxc6 Qxc6 26. Qb4 Rd3 27. Ra1 Rhd8 28. Kf2 R8d6 29. Ra5 R3d5 30. Ra3 Qb6 31. Qa4 Qxb2+ 32. Kg3 Qb6 33. Qa8+ Kc7 34. Qg8 Rd7 35. Ra8 Qd6 36. Rc8+ Kb6 37. e4 Rd3 38. Rf8 g6 39. Re8 f5 40. Re6 fxe4 41. Rxd6+ R7xd6 42. Kg4 exf3 43. gxf3 Rxc3 44. Qf8 Rd4+ 45. Kg5 Rc5 46. Kh6 Rh4+ 47. Kg7 Rf4 0-1


[Site "https://www.chess.com"]

[Event "Titled Tuesday Blitz April 18 Late 2023"]
[White "Begmuratov, Alisher"]
[Black "Suleymanli, Aydin"]
[WhiteFideId "14203367"]
[BlackFideId "13413937"]
[WhiteElo "2387"]
[BlackElo "2559"]
[Result "0-1"]
[Round "11"]
[TimeControl "180+2"]
[Date "2023.04.18"]
[WhiteClock "0:00:01"]
[BlackClock "0:00:30"]

1. c4 e6 2. g3 d5 3. Bg2 Nf6 4. Nf3 Be7 5. O-O O-O 6. b3 a5 7. Bb2 a4 8. cxd5 a3 9. Bxf6 Bxf6 10. Nc3 exd5 11. d4 Re8 12. e3 c6 13. Ne2 Nd7 14. Nf4 Be7 15. Nd3 Bd6 16. Rc1 Qe7 17. Re1 Nf6 18. Nfe5 h5 19. h4 Bf5 20. Bf3 g6 21. Bg2 Kg7 22. Nf3 Ng4 23. Qd2 Be4 24. Nc5 b6 25. Nd3 c5 26. dxc5 bxc5 27. Qc3+ Kg8 28. Nxc5 Rac8 29. b4 Bxg3 30. fxg3 Qd6 31. Nxe4 dxe4 32. Qxc8 Rxc8 33. Rxc8+ Kg7 34. Nd4 Qxg3 35. Nc2 Qf2+ 36. Kh1 Qxh4+ 37. Kg1 Qf2+ 38. Kh1 h4 39. Rf1 Qg3 40. Kg1 Qh2# 0-1


[Site "https://www.chess.com"]

[Event "Titled Tuesday Blitz April 18 Late 2023"]
[White "Hansen, Eric"]
[Black "Manukyan, Sargis A."]
[WhiteFideId "2606771"]
[BlackFideId "13303970"]
[WhiteElo "2561"]
[BlackElo "2187"]
[Result "0-1"]
[Round "11"]
[TimeControl "180+2"]
[Date "2023.04.18"]
[WhiteClock "0:00:01"]
[BlackClock "0:00:26"]

1. e4 c5 2. Nf3 d6 3. d4 cxd4 4. Nxd4 Nf6 5. Nc3 g6 6. Be2 Bg7 7. O-O O-O 8. Re1 Nc6 9. Nb3 Be6 10. Bf1 b6 11. Nd5 a5 12. Bb5 Nb4 13. c4 Nfxd5 14. exd5 Bf5 15. Re2 a4 16. Nd4 a3 17. Nxf5 gxf5 18. Qb3 axb2 19. Bxb2 Bxb2 20. Qxb2 Nd3 21. Qd4 Nc5 22. Rae1 e5 23. dxe6 fxe6 24. Rd1 Kf7 25. g3 Qf6 26. Qe3 Rad8 27. Red2 e5 28. Rd5 f4 29. Qe2 Ke7 30. Bc6 fxg3 31. hxg3 h5 32. R5d2 h4 33. Bg2 Rg8 34. Qe3 Rg6 35. a4 hxg3 36. fxg3 Qg7 37. a5 Rxg3 38. Qf2 bxa5 39. Rb2 Rg8 40. Qe2 Rxg2+ 41. Qxg2 Qh7 42. Rf1 Rxg2+ 43. Rxg2 a4 44. Rf3 Qh6 45. Rfg3 a3 46. Rg7+ Kf6 47. Ra7 Qc1+ 48. Kh2 Qf4+ 49. Kg1 Qxc4 50. Rf2+ Ke6 51. Ra8 Nd3 52. Rg2 Nb2 0-1


[Site "https://www.chess.com"]

[Event "Titled Tuesday Blitz April 18 Late 2023"]
[White "Weetik, Vjacheslav"]
[Black "Xiong, Jeffery"]
[WhiteFideId "4153472"]
[BlackFideId "2047640"]
[WhiteElo "2469"]
[BlackElo "2726"]
[Result "1/2-1/2"]
[Round "11"]
[TimeControl "180+2"]
[Date "2023.04.18"]
[WhiteClock "0:00:29"]
[BlackClock "0:01:09"]

1. d4 g6 2. e4 Bg7 3. Nf3 d6 4. Bc4 a6 5. Qe2 e6 6. O-O Ne7 7. c3 O-O 8. Nbd2 b5 9. Bd3 Nd7 10. a4 b4 11. cxb4 Nc6 12. b5 axb5 13. Bxb5 Nxd4 14. Nxd4 Bxd4 15. Nf3 Bg7 16. Bg5 f6 17. Be3 Bb7 18. Nd4 Re8 19. Nc6 Qc8 20. Rac1 f5 21. Bg5 fxe4 22. Ne7+ Rxe7 23. Bxe7 Nc5 24. Rxc5 dxc5 25. Bxc5 Bd5 26. b4 c6 27. Bc4 Rxa4 28. Rc1 Qa8 29. g3 Ra1 30. Rxa1 Qxa1+ 31. Kg2 Qc3 32. Bxd5 exd5 33. Qg4 Qf3+ 34. Qxf3 exf3+ 35. Kxf3 Kf7 36. Ke3 Ke6 37. g4 g5 38. h3 Be5 39. Kd3 Bf4 40. f3 Kd7 41. Bf2 Bd6 42. Kc3 Be5+ 43. Kd3 Ke6 44. h4 gxh4 45. Bxh4 Bf4 46. Bf2 Bd6 47. Kc3 Be5+ 48. Kd3 Bd6 49. Kc3 Bf4 50. Kd3 Bd6 1/2-1/2


[Site "https://www.chess.com"]

[Event "Titled Tuesday Blitz April 18 Late 2023"]
[White "Rustemov, Alexander"]
[Black "Adla, Diego"]
[WhiteFideId "4119002"]
[BlackFideId "100072"]
[WhiteElo "2864"]
[BlackElo "2377"]
[Result "1-0"]
[Round "11"]
[TimeControl "180+2"]
[Date "2023.04.18"]
[WhiteClock "0:00:08"]
[BlackClock "0:00:23"]

1. d4 Nf6 2. c4 e6 3. Nf3 d5 4. Nc3 Bb4 5. Bg5 h6 6. Bxf6 Qxf6 7. e3 O-O 8. Qb3 c5 9. cxd5 exd5 10. dxc5 Bxc3+ 11. Qxc3 Qxc3+ 12. bxc3 Be6 13. Nd4 Rc8 14. Kd2 Nd7 15. Bd3 Nxc5 16. Rhb1 b6 17. a4 Rc7 18. f3 Nxd3 19. Kxd3 Rc5 20. Rb5 Bd7 21. Rxc5 bxc5 22. Nb5 Bf5+ 23. Kd2 Rb8 24. Ra2 a5 25. c4 dxc4 26. Kc3 Bd3 27. Rb2 Kf8 28. h4 g5 29. hxg5 hxg5 30. g4 Ke7 31. Rh2 Rb6 32. f4 Re6 33. Rh3 gxf4 34. exf4 Re1 35. Rh5 Rc1+ 36. Kd2 Rc2+ 37. Ke3 Re2+ 38. Kf3 Ra2 39. Rxc5 Rxa4 40. Rc7+ Kd8 41. Ra7 f6 42. Ke3 Ra1 43. Nc3 Re1+ 44. Kd4 Rf1 45. Nd5 Rd1 46. Kc3 f5 47. g5 Rg1 48. Ne3 Rg3 49. Nxc4 Be4+ 50. Kd4 Kc8 51. Nd6+ Kb8 52. Rxa5 Rd3+ 53. Ke5 Bg2 54. Nxf5 Rd1 55. Ne7 Rg1 56. f5 Re1+ 57. Kf6 Rg1 58. Re5 Bh3 59. g6 Kc7 60. g7 Kd6 61. g8=Q 1-0


[Site "https://www.chess.com"]

[Event "Titled Tuesday Blitz April 18 Late 2023"]
[White "Rastbod, Ali"]
[Black "Flores, Diego"]
[WhiteFideId "12567477"]
[BlackFideId "108049"]
[WhiteElo "2248"]
[BlackElo "2613"]
[Result "1-0"]
[Round "11"]
[TimeControl "180+2"]
[Date "2023.04.18"]
[WhiteClock "0:00:16"]
[BlackClock "0:00:31"]

1. c4 g6 2. g3 c5 3. Bg2 Bg7 4. Nc3 Nc6 5. a3 e6 6. Rb1 Nge7 7. b4 cxb4 8. axb4 d5 9. b5 Ne5 10. cxd5 exd5 11. d4 Nc4 12. e3 Bf5 13. Ra1 Qd7 14. Qb3 O-O 15. Nge2 Bh3 16. Bxh3 Qxh3 17. Nf4 Qd7 18. Ba3 Nxa3 19. Rxa3 Rfd8 20. O-O g5 21. Nd3 Qh3 22. Rfa1 Rd6 23. Rxa7 Rxa7 24. Rxa7 Rh6 25. Rxb7 Qxh2+ 26. Kf1 Nf5 27. Qxd5 Nxe3+ 28. fxe3 Qxg3 29. Qxf7+ 1-0


[Site "https://www.chess.com"]

[Event "Titled Tuesday Blitz April 18 Late 2023"]
[White "Yuan, Qingyu"]
[Black "Eljanov, Pavel"]
[WhiteFideId "8609772"]
[BlackFideId "14102951"]
[WhiteElo "2359"]
[BlackElo "2598"]
[Result "0-1"]
[Round "11"]
[TimeControl "180+2"]
[Date "2023.04.18"]
[WhiteClock "0:00:02"]
[BlackClock "0:00:29"]

1. e4 c6 2. d4 d5 3. exd5 cxd5 4. Bd3 Nc6 5. c3 Nf6 6. h3 g6 7. Nf3 Bf5 8. O-O e6 9. Bb5 Bd6 10. Ne5 Qc7 11. Qa4 O-O 12. Bh6 Rfc8 13. Nf3 a6 14. Be2 b5 15. Qd1 b4 16. cxb4 Bxb4 17. Nc3 Ne4 18. Na4 Bd6 19. g4 Kh8 20. Kh1 Bf4 21. Bxf4 Qxf4 22. Qc1 Qd6 23. Qh6 Ne7 24. Rac1 g5 25. Nxg5 Bg6 26. Nxe4 dxe4 27. Qe3 Nd5 28. Qd2 e3 29. fxe3 Qg3 30. Bd3 Bxd3 31. Qxd3 Qxh3+ 32. Kg1 Qg3+ 33. Kh1 Nxe3 34. Qe2 Nxf1 35. Rxf1 Rg8 36. Rf3 Qh4+ 37. Kg1 Rxg4+ 38. Rg3 Qxg3+ 0-1


[Site "https://www.chess.com"]